 Dungeon Crawl Stone Soup version 0.31-a0-981-geadf994542 (webtiles) character file.

Game seed: 13137462843649587068

2123 Fodor the Cleaver (level 9, -6/78 HPs)
             Began as a Minotaur Fighter on Nov 1, 2023.
             Was an Initiate of Gozag.
             Mangled by Joseph
             ... wielding a +1 spectral quarterstaff
              (14 damage)
             ... on level 7 of the Dungeon.
             The game lasted 00:40:05 (7519 turns).

Fodor the Cleaver (Minotaur Fighter)                Turns: 7519, Time: 00:40:07

Health: -6/78      AC:  2    Str: 26    XL:     9   Next: 8%
Magic:  0/8        EV: 12    Int:  5    God:    Gozag
Gold:   409        SH:  5    Dex:  9    Spells: 8/8 levels left

rFire   . . .        a - +0 war axe
rCold   . . .        c - +0 buckler
rNeg    . . .        (no body armour)
rPois   .            (helmet restricted)
rElec   .            z - +0 cloak
rCorr   .            (no gloves)
SInv    .            u - +0 pair of boots
Will    .....        q - amulet of guardian spirit
Stlth   +            (no ring)
HPRegen 0.33/turn    (no ring)
MPRegen 0.11/turn

%: guardian spirit
@: no status effects
A: horns 2, retaliatory headbutt
a: Renounce Religion, Potion Petition, Call Merchant, Bribe Branch


You were on level 7 of the Dungeon.
You worshipped Gozag.
Gozag was aware of your devotion.
You visited 1 branch of the dungeon, and saw 7 of its levels.

You collected 686 gold pieces.
You spent 242 gold pieces at shops.
You paid 35 gold pieces to Gozag.

Inventory:

Hand Weapons
 a - a +0 war axe (weapon)
 f - a +0 longbow
Missiles
 g - 5 atropa-tipped darts
 o - 10 poisoned darts
 B - 2 silver javelins (quivered)
Armour
 c - a +0 buckler (worn)
 j - a +0 plate armour
 n - a +4 ring mail
 u - a +0 pair of boots (worn)
 z - a +0 cloak (worn)
Jewellery
 b - a ring of flight
 q - an amulet of guardian spirit (around neck)
 t - a ring of positive energy
Wands
 e - a wand of charming (12)
 r - a wand of flame (35)
Scrolls
 d - a scroll of enchant armour {unknown}
 m - a scroll of acquirement
 s - a scroll of teleportation
 x - 2 scrolls of poison
 y - 5 scrolls of identify
 A - a scroll of enchant weapon {unknown}
Potions
 h - 2 potions of mutation
 i - a potion of degeneration {unknown}
 k - a potion of attraction
 l - a potion of brilliance {unknown}
 p - a potion of lignification
 v - a potion of ambrosia {unknown}


   Skills:
 + Level 6.9 Fighting
 + Level 9.1 Axes
 + Level 1.5 Throwing
 + Level 7.0 Armour
 + Level 4.4 Dodging
 + Level 1.3 Stealth
 + Level 5.7 Shields


You had 8 spell levels left.
You didn't know any spells.
Your spell library contained the following spells:

 Spells                   Type           Power      Damage    Failure   Level
 Ensorcelled Hibernation  Hex/Ice        0%         N/A       67%         2
 Passwall                 Tmut/Erth      0%         N/A       67%         2
 Ignite Poison            Fire/Tmut/Pois 0%         N/A       88%         3
 Inner Flame              Hex/Fire       0%         N/A       88%         3
 Ozocubu's Armour         Ice            0%         N/A       88%         3
 Swiftness                Air            0%         N/A       88%         3
 Tukima's Dance           Hex            0%         N/A       88%         3
 Volatile Blastmotes      Fire/Tloc      0%         2d10      88%         3
 Fulminant Prism          Conj/Hex       0%         3d5       99%         4
 Iskenderun's Mystic Bla  Conj/Tloc      0%         2d3       99%         4
 Passage of Golubria      Tloc           0%         N/A       99%         4
 Sticky Flame             Conj/Fire      0%         2d3       99%         4
 Metabolic Englaciation   Hex/Ice        0%         N/A       100%        5
 Yara's Violent Unravell  Hex/Tmut       0%         3d3       100%        5
 Enfeeble                 Hex            0%         N/A       100%        7
 Ignition                 Fire           0%         3d3       100%        8
 Simulacrum               Ice/Necr       Unusable   N/A       N/A         6

Dungeon Overview and Level Annotations

Branches:
Dungeon (7/15)             Temple (0/1) D:4

Altars:
Ashenzari
Elyvilon
Gozag
Makhleb
Okawaru
Qazlal
Sif Muna
Uskayaw
Vehumet

Shops:
D:3 [   D:4 :   D:5 **?(

Annotations:
D:7 Joseph


Innate Abilities, Weirdness & Mutations

You have a pair of horns on your head.
You reflexively headbutt those who attack you in melee.


Message History

j - a +0 plate armour Throw: 4 javelins (silver)
Press: ? - help, Q - select action, (/) - cycle Shift-Dir - straight line, f - Joseph
Aim: Joseph, wielding a +3 sling of freezing and wearing a +0 leather armour (54% to hit)
You throw a silver javelin.
The silver javelin closely misses Joseph.
Joseph shoots a sling bullet.
The sling bullet hits you! The sling bullet freezes you!
Joseph shoots a sling bullet.
The sling bullet barely misses you.
Throw: 3 javelins (silver)
Press: ? - help, Q - select action, (/) - cycle Shift-Dir - straight line, f/p - Joseph
Aim: Joseph, wielding a +3 sling of freezing and wearing a +0 leather armour (54% to hit)
You throw a silver javelin.
The silver javelin pierces through Joseph!
Joseph is lightly wounded.
Unknown command.
Joseph shoots a sling bullet.
The sling bullet hits you. The sling bullet freezes you.
You start removing your armour.
You continue taking off your +4 ring mail.
Joseph shoots a sling bullet.
The sling bullet hits you!
* * * LOW HITPOINT WARNING * * *
The sling bullet freezes you.
* * * LOW HITPOINT WARNING * * *
You continue taking off your +4 ring mail. x3
Joseph unwields a +3 sling of freezing.
Joseph wields a +1 spectral quarterstaff.
Joseph hits you but does no damage.
You finish taking off your +4 ring mail.
Unknown command.
Okay, then.
Joseph closely misses you.
You start putting on your armour.
You continue putting on your +0 plate armour.
Joseph hits you with a +1 spectral quarterstaff!
* * * LOW HITPOINT WARNING * * *
You continue putting on your +0 plate armour.
Joseph hits you with a +1 spectral quarterstaff!
You die...
Your body crumbles into a pile of gold.

########
#......#
#.####.########
#.#(<[)@@.....#
#.#.##)######.#
#......#
###.#### #.#
#.# #.# #.# #.#


You could see Joseph.

Vanquished Creatures
  Sigmund (D:4)
  Eustachio (D:6)
  Edmund (D:4)
  3 water moccasins
  Duvessa (D:5)
  An ice beast (D:6)
  An orc warrior (D:7)
  An ogre (D:4)
  A centaur (D:6)
  A bullfrog (D:7)
  3 scorpions (D:5)
  Blork the orc (D:4)
  Dowan (D:5)
  2 orc priests (D:5)
  A jelly (D:6)
  5 hounds
  A sleepcap (D:4)
  Ijyb (D:3)
  Terence (D:3)
  2 iguanas (D:5)
  2 orc wizards
  Robin (D:3)
  3 gnolls (D:2)
  5 adders
  A shadow imp (D:6)
  3 dart slugs
  10 orcs
  2 bats
  6 endoplasms
  A giant cockroach (D:2)
  11 goblins
  12 hobgoblins
  14 jackals
  4 quokkas
  5 ball pythons
  2 frilled lizards
  6 kobolds
  3 rats
121 creatures vanquished.

Notes
Turn   | Place    | Note
-------+----------+-------------------------------------------
     0 | D:1      | Fodor the Minotaur Fighter began the quest for the Orb.
     0 | D:1      | Reached XP level 1. HP: 19/19 MP: 0/0
   157 | D:1      | Reached XP level 2. HP: 27/27 MP: 1/1
   194 | D:1      | Found a faded altar of an unknown god.
   401 | D:1      | You fall into a shaft and drop 1 floor!
   672 | D:1      | Reached XP level 3. HP: 32/33 MP: 2/2
  1256 | D:2      | Found a broken altar of Ashenzari.
  1526 | D:2      | Reached skill level 3 in Axes
  1620 | D:2      | Reached XP level 4. HP: 40/40 MP: 3/3
  1695 | D:2      | Reached skill level 1 in Dodging
  2117 | D:3      | Found Optul's Armour Shoppe.
  2173 | D:3      | Noticed Robin
  2175 | D:3      | Noticed Ijyb
  2185 | D:3      | Killed Robin
  2189 | D:3      | Killed Ijyb
  2190 | D:3      | Reached skill level 4 in Axes
  2190 | D:3      | Reached XP level 5. HP: 23/47 MP: 4/4
  2543 | D:3      | Found a shimmering blue altar of Sif Muna.
  2545 | D:3      | Found a stormy altar of Qazlal.
  2547 | D:3      | Found a white marble altar of Elyvilon.
  2547 | D:3      | Found an iron altar of Okawaru.
  2547 | D:3      | Found a radiant altar of Vehumet.
  2547 | D:3      | Found an opulent altar of Gozag.
  2557 | D:3      | Found a hide-covered altar of Uskayaw.
  2568 | D:3      | Became a worshipper of Gozag Ym Sagoz the Greedy
  2680 | D:3      | Noticed Terence
  2685 | D:3      | Killed Terence
  2726 | D:3      | Found a burning altar of Makhleb.
  3149 | D:4      | Noticed Sigmund
  3166 | D:4      | Killed Sigmund
  3167 | D:4      | Reached skill level 5 in Axes
  3167 | D:4      | Reached XP level 6. HP: 46/53 MP: 5/5
  3180 | D:4      | Noticed Edmund
  3191 | D:4      | Killed Edmund
  3192 | D:4      | Reached skill level 5 in Armour
  3231 | D:4      | Noticed a water moccasin
  3246 | D:4      | Killed a water moccasin
  3247 | D:4      | Reached skill level 5 in Fighting
  3247 | D:4      | Reached skill level 6 in Axes
  3247 | D:4      | Reached XP level 7. HP: 51/61 MP: 3/6
  3291 | D:4      | Found a staircase to the Ecumenical Temple.
  3482 | D:4      | Noticed Blork the orc
  3490 | D:4      | Killed Blork the orc
  3571 | D:4      | Found Deokhis's Tiny Tomes.
  3666 | D:4      | Reached skill level 5 in Shields
  3920 | D:5      | Entered Level 5 of the Dungeon
  3943 | D:5      | Reached skill level 7 in Axes
  3979 | D:5      | Found Batykk's General Store.
  4036 | D:5      | Found Yrituah's Antique Weapon Emporium.
  4036 | D:5      | Found Cuqo's Magic Scroll Emporium.
  4037 | D:5      | Found Pemomen's General Store.
  4051 | D:5      | Bought a scroll of identify for 28 gold pieces
  4051 | D:5      | Bought a scroll of identify for 28 gold pieces
  4054 | D:5      | Noticed Duvessa
  4054 | D:5      | Noticed Dowan
  4067 | D:5      | Killed Dowan
  4068 | D:5      | Reached XP level 8. HP: 49/70 MP: 3/7
  4087 | D:5      | Killed Duvessa
  4088 | D:5      | Reached skill level 1 in Throwing
  4106 | D:5      | Bought a scroll of identify for 30 gold pieces
  4107 | D:5      | Identified a scroll of acquirement
  4147 | D:5      | Bought 3 scrolls of identify for 78 gold pieces
  4147 | D:5      | Bought a scroll of identify for 26 gold pieces
  4147 | D:5      | Bought a scroll of identify for 26 gold pieces
  4147 | D:5      | Bought a scroll of identify for 26 gold pieces
  4422 | D:5      | Reached skill level 8 in Axes
  4710 | D:6      | Noticed Eustachio
  4734 | D:6      | Killed Eustachio
  4735 | D:6      | Reached skill level 1 in Stealth
  6985 | D:7      | Reached skill level 9 in Axes
  6985 | D:7      | Reached XP level 9. HP: 27/78 MP: 3/8
  7261 | D:7      | Noticed Joseph
  7272 | D:7      | HP: 2/78 [Joseph/sling bullet (2)]
  7519 | D:7      | Mangled by Joseph

Illustrated notes

Levels and vault maps discovered:
D:1:      minmay_arrival_four_houses, layout_basic,
          shapermc_ecumenical_altar_mp_ritualfount
D:2:      layout_loops_corners, basic_altar, minmay_misc_feat_square,
          nicolae_elevator_lobby_plus
D:3:      layout_loops_ring, lemuel_coloured_pillars_altar,
          grunt_temple_overflow_open, serial_shops, nicolae_square_shop,
          nicolae_goblin_pals, uniq_terence
D:4:      minmay_angry_zag, layout_basic, minmay_temple_entry_mist,
          nicolae_shop_i_like_small_books_too, sigmund_edmund_badplayer,
          uniq_robin, uniq_blork_the_orc, uniq_ijyb
D:5:      layout_rooms, minmay_shop_grid_forest, nrook_uturn, uniq_duvessa
D:6:      layout_layer_cave, uniq_eustachio
D:7:      layout_loops_corners, grunt_potential, uniq_joseph

Skill      XL: |  1  2  3  4  5  6  7  8  9 |
---------------+----------------------------+-----
Shields        | 4 5 |  5.7
Armour         | 4 5 6 7 |  7.0
Axes           | 3 4 5 6 7 9 |  9.1
Fighting       | 4 5 6 |  6.9
Dodging        | 1 2 3 4 |  4.4
Throwing       | 1 |  1.5
Stealth        | 1 |  1.3

Action                     |  1- 3 |  4- 6 |  7- 9 || total
---------------------------+-------+-------+-------++-------
  Melee: War axe           |    76 |    84 |   185 ||   345
         Headbutt          |     9 |    10 |    39 ||    58
  Throw: Dart              |       |       |    16 ||    16
         Javelin           |       |       |     2 ||     2
    Use: Scroll            |       |       |     9 ||     9
         Potion            |       |       |     5 ||     5
   Stab: Invisible         |       |       |     1 ||     1
 Armour: Scale mail        |    71 |    10 |       ||    81
         Ring mail         |       |    62 |   169 ||   231
         Skin              |       |       |     2 ||     2
  Dodge: Dodged            |    47 |    70 |   132 ||   249
  Block: Buckler           |    21 |    20 |    43 ||    84

Table legend: (Time is in decaauts)
 A = Elapsed time spent in this place.
 B = Non-inter-level travel time spent in this place.
 C = Inter-level travel time spent in this place.
 D = Time resting spent in this place.
 E = Time spent auto-exploring this place.
 F = Levels seen in this place.
 G = Mean time per level.
                   A        B        C        D        E       F      G
               +--------+--------+--------+--------+--------+-----+--------+
         Total |   7609 |   7527 |     82 |   1781 |      0 |   7 | 1087.0 |
       Dungeon |   7609 |   7527 |     82 |   1781 |      0 |   7 | 1087.0 |
               +--------+--------+--------+--------+--------+-----+--------+

Top non-repeatable levels by time:
     D:6: 2663 daAuts
     D:1: 1139 daAuts
     D:4: 1061 daAuts
     D:2: 965 daAuts
     D:3: 826 daAuts
     D:5: 799 daAuts
     D:7: 155 daAuts
